 Dungeon Crawl Stone Soup version 0.31-a0-177-g4aa6249778 (webtiles) character file.

Game seed: 13528150333026853603

1184 Demosthentine the Ducker (level 8, -1/61 HPs)
             Began as a Demonspawn Gladiator on June 19, 2023.
             Killed from afar by an orc wizard (7 damage)
             ... with a magic dart
             ... on level 5 of the Dungeon.
             The game lasted 00:05:20 (4811 turns).

Demosthentine the Ducker (Demonspawn Gladiator)     Turns: 4811, Time: 00:05:20

Health: -1/61      AC:  3    Str: 16    XL:     8   Next: 19%
Magic:  8/8        EV: 14    Int:  9    God:
Gold:   208        SH:  0    Dex: 16    Spells: 7/7 levels left

rFire   . . .        a - +1 trident
rCold   . . .        (no shield)
rNeg    . . .        b - +0 leather armour
rPois   .            (helmet restricted)
rElec   .            (no cloak)
rCorr   .            (no gloves)
SInv    .            (no boots)
Will    .....        (no amulet)
Stlth   +            (no ring)
HPRegen 0.30/turn    (no ring)
MPRegen 0.11/turn

%: no passive effects
@: no status effects
A: antennae 1, powered by pain 1, sturdy frame 1
a: no special abilities


You were on level 5 of the Dungeon.
You visited 1 branch of the dungeon, and saw 5 of its levels.

You collected 208 gold pieces.

Inventory:

Hand Weapons
 a - a +1 trident (weapon)
Missiles
 c - 2 silver javelins
 e - a javelin
 f - 3 boomerangs
 o - 4 poisoned darts
Armour
 b - a +0 leather armour (worn)
 h - a +0 buckler
Scrolls
 j - 2 scrolls of blinking
 k - a scroll of fear
Potions
 m - 2 potions of lignification
 n - 2 potions of brilliance


   Skills:
 + Level 4.8 Fighting
 + Level 4.8 Polearms
 - Level 1.7 Throwing
 + Level 3.7 Armour
 + Level 4.8 Dodging
 + Level 3.4 Shields


You had 7 spell levels left.
You didn't know any spells.
Your spell library contained the following spells:

 Spells                   Type           Power      Damage    Failure   Level
 Beastly Appendage        Tmut           0%         N/A       38%         1
 Kiss of Death            Conj/Necr      0%         2d5       38%         1
 Magic Dart               Conj           0%         1d3       38%         1
 Blink                    Tloc           0%         N/A       54%         2
 Call Imp                 Summ           0%         N/A       54%         2
 Lesser Beckoning         Tloc           0%         N/A       54%         2
 Momentum Strike          Conj/Tloc      0%         3d8       54%         2
 Wereblood                Tmut           0%         N/A       54%         2
 Confusing Touch          Hex            0%         N/A       77%         3
 Dazzling Flash           Conj/Hex       0%         N/A       77%         3
 Gell's Gravitas          Tloc           0%         N/A       77%         3
 Inner Flame              Hex/Fire       0%         N/A       77%         3
 Mephitic Cloud           Conj/Pois/Air  0%         N/A       77%         3
 Spider Form              Tmut/Pois      0%         N/A       77%         3
 Teleport Other           Tloc           0%         N/A       77%         3
 Dispel Undead            Necr           0%         3d6       99%         4
 Flame Wave               Conj/Fire      0%         2d4       99%         4
 Sticky Flame             Conj/Fire      0%         2d3       99%         4
 Agony                    Necr           0%         N/A       100%        5
 Silence                  Hex/Air        0%         N/A       100%        5
 Dispersal                Tloc           0%         N/A       100%        6


Dungeon Overview and Level Annotations

Branches:
Dungeon (5/15)
 Temple: D:4-7

Altars:

Annotations:
D:4 Ijyb


Innate Abilities, Weirdness & Mutations

You have a pair of small antennae on your head.
You sometimes gain a little power by taking damage.
Your movements are slightly less encumbered by armour. (ER -2)


Message History

The scorpion is lightly wounded.
The scorpion stings you.
* * * LOW HITPOINT WARNING * * *
The scorpion closely misses you.
You barely miss the scorpion.
The scorpion is lightly wounded.
The scorpion stings you.
* * * LOW HITPOINT WARNING * * *
You are poisoned.
The scorpion poisons you!
You feel better. The scorpion misses you.
You puncture the scorpion!
The scorpion is severely wounded.
The orc wizard mumbles some strange words.
The orc wizard flickers and vanishes!
Deactivating autopickup; reactivate with Ctrl-A.
The scorpion stings you.
* * * LOW HITPOINT WARNING * * *
You hit the scorpion.
The scorpion is almost dead.
The scorpion stings you!
* * * LOW HITPOINT WARNING * * *
An orc wizard comes into view. It is wielding a +0 dagger.
The scorpion closely misses you.
You closely miss the scorpion.
The scorpion is almost dead.
The orc wizard shouts!
You hear a shout! x2
The scorpion closely misses you.
You hit the scorpion.
You kill the scorpion!
You feel a little less agile now. Something hits you.
* * * LOW HITPOINT WARNING * * *
The orc wizard gestures wildly while chanting.
The orc wizard flickers and vanishes!
You hit something.
An orc wizard comes into view. It is wielding a +0 dagger.
A magic dart appears from out of thin air!
The magic dart hits you!
You die...

# ###.....#.#.# .#.
#....<....... #
....###.#..##.#....
#....................
+$..................
#.....###.#..#....#.#
.... #.#..##o..# #
####..###.#.........
.......@{...........
......###.#...#...##
..... #.#...#....
..o{ #.# .... ... #.#
..#.. .. #.# $. . .
#.# .#. .#


You could see an orc wizard.

Vanquished Creatures
  Sigmund (D:4)
  Eustachio (D:4)
  An ice beast (D:5)
  A black bear (D:5)
  2 ogres
  3 scorpions
  A howler monkey (D:5)
  2 hounds
  An orc wizard (D:4)
  Natasha (twice) (D:3)
  7 gnolls
  2 adders
  2 dart slugs (D:1)
  10 orcs
  7 endoplasms
  2 giant cockroaches
  9 goblins
  8 hobgoblins
  4 jackals
  3 quokkas
  8 ball pythons
  8 bats
  6 frilled lizards
  8 kobolds
  4 rats
103 creatures vanquished.

Notes
Turn   | Place    | Note
-------+----------+-------------------------------------------
     0 | D:1      | Demosthentine the Demonspawn Gladiator began the quest for
                  | the Orb.
     0 | D:1      | Reached XP level 1. HP: 16/16 MP: 1/1
   214 | D:1      | Gained mutation: You have a pair of small antennae on your
                  | head. [demonic ancestry]
   214 | D:1      | Reached XP level 2. HP: 22/22 MP: 2/2
   572 | D:2      | Reached skill level 1 in Armour
   587 | D:2      | Gained mutation: You sometimes gain a little power by
                  | taking damage. [demonic ancestry]
   587 | D:2      | Reached XP level 3. HP: 28/28 MP: 3/3
  1217 | D:2      | Found a faded altar of an unknown god.
  1528 | D:3      | Reached XP level 4. HP: 32/34 MP: 4/4
  1833 | D:3      | Noticed an ogre
  1841 | D:3      | Killed an ogre
  1842 | D:3      | Reached skill level 1 in Shields
  1842 | D:3      | Gained mutation: Your movements are slightly less
                  | encumbered by armour. (ER -2) [demonic ancestry]
  1842 | D:3      | Reached XP level 5. HP: 25/41 MP: 5/5
  2194 | D:3      | Noticed Natasha
  2203 | D:3      | Killed Natasha
  2292 | D:3      | Noticed Natasha
  2298 | D:3      | Killed Natasha
  2623 | D:4      | Reached XP level 6. HP: 47/47 MP: 6/6
  3144 | D:4      | Noticed Sigmund
  3157 | D:4      | Killed Sigmund
  3158 | D:4      | Reached XP level 7. HP: 36/53 MP: 7/7
  3673 | D:4      | Noticed Ijyb
  4338 | D:4      | Noticed Eustachio
  4363 | D:4      | Killed Eustachio
  4748 | D:5      | Entered Level 5 of the Dungeon
  4783 | D:5      | Reached XP level 8. HP: 15/61 MP: 8/8
  4811 | D:5      | Killed from afar by an orc wizard

Illustrated notes

Levels and vault maps discovered:
D:1:      amcnicky_arrival_blooded_trapdoor, layout_rooms
D:2:      minmay_inner_zag, layout_rooms, shapermc_ecumenical_altar_ellora,
          minmay_distorted
D:3:      layout_basic, uniq_natasha
D:4:      layout_basic, uniq_ijyb, uniq_sigmund, uniq_eustachio
D:5:      layout_basic

Skill      XL: |  1  2  3  4  5  6  7 |
---------------+----------------------+-----
Polearms       | 3 4 |  4.8
Dodging        | 3 4 |  4.8
Armour         | 1 2 3 |  3.7
Fighting       | 3 4 |  4.8
Shields        | 1 2 3 |  3.4
Throwing       | |  1.7

Action                     |  1- 3 |  4- 6 |  7- 9 || total
---------------------------+-------+-------+-------++-------
  Melee: Trident           |   164 |   153 |   137 ||   454
         Punch             |       |     4 |     1 ||     5
  Throw: Throwing net      |       |     1 |     4 ||     5
    Use: Scroll            |     6 |     1 |     6 ||    13
         Potion            |       |     2 |     3 ||     5
   Stab: Sleeping          |     1 |     2 |     1 ||     4
         Held in net/web   |       |     1 |     4 ||     5
         Distracted        |       |     1 |       ||     1
 Armour: Leather armour    |    32 |    14 |    20 ||    66
  Dodge: Dodged            |    99 |    95 |   107 ||   301

Table legend: (Time is in decaauts)
 A = Elapsed time spent in this place.
 B = Non-inter-level travel time spent in this place.
 C = Inter-level travel time spent in this place.
 D = Time resting spent in this place.
 E = Time spent auto-exploring this place.
 F = Levels seen in this place.
 G = Mean time per level.
                   A        B        C        D        E       F      G
               +--------+--------+--------+--------+--------+-----+--------+
         Total |   4869 |   4734 |    135 |    102 |   3470 |   5 |  973.8 |
       Dungeon |   4869 |   4734 |    135 |    102 |   3470 |   5 |  973.8 |
               +--------+--------+--------+--------+--------+-----+--------+

Top non-repeatable levels by time:
     D:4: 2014 daAuts
     D:3: 1337 daAuts
     D:2: 916 daAuts
     D:1: 535 daAuts
     D:5: 65 daAuts
